 Dungeon Crawl Stone Soup version 0.29.1-12-g30fa7ad0bf (webtiles) character file.

Game seed: 4014425965453191132

46 Powssss the Shield-Bearer (level 3, 0/33 HPs)
             Began as a Minotaur Fighter on Jan 10, 2023.
             Succumbed to Crazy Yiuf's poison
             ... on level 2 of the Dungeon.
             The game lasted 00:09:24 (1460 turns).

Powssss the Shield-Bearer (Minotaur Fighter)        Turns: 1460, Time: 00:09:25

Health: 0/33       AC:  8    Str: 22    XL:     3   Next: 44%
Magic:  0/2        EV:  9    Int:  5    God:
Gold:   146        SH:  4    Dex:  9    Spells: 2/2 levels left

rFire   . . .      SeeInvis .   a - +0 long sword
rCold   . . .      Faith    .   c - +0 buckler
rNeg    . . .      Spirit   .   b - +0 scale mail
rPois   .          Reflect  .   (helmet restricted)
rElec   .          Harm     .   (no cloak)
rCorr   .          Rampage  .   (no gloves)
Will    +....                   m - +0 pair of boots
Stlth   ..........              (no amulet)
HPRegen 0.11/turn               l - ring of willpower
MPRegen 0.08/turn               (no ring)

@: lethally poisoned (0 -> -6)
A: horns 2, retaliatory headbutt
a: no special abilities


You were on level 2 of the Dungeon.
You visited 1 branch of the dungeon, and saw 2 of its levels.

You collected 146 gold pieces.

Inventory:

Hand Weapons
 a - a +0 long sword (weapon)
Missiles
 e - 22 stones (quivered)
 g - 3 boomerangs
Armour
 b - a +0 scale mail (worn)
 c - a +0 buckler (worn)
 m - a +0 pair of boots (worn)
Jewellery
 l - a ring of willpower (left hand)
Scrolls
 h - a scroll of fog {unknown}
 i - a scroll of summoning {unknown}
 j - 2 scrolls of identify {unknown}
 k - a scroll of blinking {unknown}
 o - a scroll of poison {unknown}
 p - a scroll of magic mapping {unknown}
Potions
 d - 2 potions of might
 f - a potion of haste {unknown}
 n - a potion of flight {unknown}


   Skills:
 + Level 4.0 Fighting
 + Level 2.8 Long Blades
 + Level 0.8 Throwing
 + Level 4.1 Armour
 - Level 0.9 Dodging
 + Level 4.1 Shields


You had 2 spell levels left.
You didn't know any spells.
Your spell library was empty.

Dungeon Overview and Level Annotations

Branches:
Dungeon (2/15)

Altars:


Innate Abilities, Weirdness & Mutations

You have a pair of horns on your head.
You reflexively headbutt those who attack you in melee.


Message History

o - a scroll labelled TOTYJE UNAGIYPH Unknown command.
Found a scroll labelled LEGHUC XULO.
p - a scroll labelled LEGHUC XULO
Found a hammer.
Found a runed translucent door.
Press: ? - help, v - describe, . - travel
Here: Crazy Yiuf, wielding a +4 quarterstaff of chaos and wearing a +0 cloak (fire blocked by a runed translucent door)
The floor.
You open the door. You hit Crazy Yiuf. You headbutt Crazy Yiuf.
Crazy Yiuf is heavily wounded.
Crazy Yiuf hits you with a +4 quarterstaff of chaos!
You feel your power leaking away. You block Crazy Yiuf's attack.
You barely miss Crazy Yiuf.
Crazy Yiuf is heavily wounded.
Crazy Yiuf hits you with a +4 quarterstaff of chaos!
You hit Crazy Yiuf but do no damage.
Crazy Yiuf is heavily wounded.
Crazy Yiuf closely misses you. You furiously retaliate!
You headbutt Crazy Yiuf! You hit Crazy Yiuf.
Crazy Yiuf is almost dead.
Crazy Yiuf hits you with a +4 quarterstaff of chaos.
* * * LOW HITPOINT WARNING * * *
You are lethally poisoned!
You block Crazy Yiuf's attack.
You hit Crazy Yiuf.
You kill Crazy Yiuf!
* * * LOW HITPOINT WARNING * * *
You feel very sick.
Your Fighting skill increases to level 4!
Your Armour skill increases to level 4!
Your Shields skill increases to level 4!
You have reached level 3!
Your experience leads to an increase in your attributes!
Increase (S)trength, (I)ntelligence, or (D)exterity?
Uppercase letters only, please.
You feel stronger. x2
You die...

#### #.###.#. ###
#.#### #.# .....
#.####.# #.# #..
.. #......# +##
### ######.# #.#
#.# #### ♣♣####.#
..#####...#
#)..#♣♣ ♣♣..#.#.#
..........#
#...@.♣♣♣♣.......#
..#.......#
#...#♣..♣......###
..#.......# ####
♣♣♣.♣...###
..........#
♣♣♣♣♣##
..#.......#
..#.......####
..............
###........#
#.......###.#


There were no monsters in sight!

Vanquished Creatures
  Crazy Yiuf (D:2)
  2 dart slugs
  3 endoplasms
  2 hobgoblins (D:2)
  A bat (D:1)
  4 kobolds
  A rat (D:2)
14 creatures vanquished.

Notes
Turn   | Place    | Note
-------+----------+-------------------------------------------
     0 | D:1      | Powssss the Minotaur Fighter began the quest for the Orb.
     0 | D:1      | Reached XP level 1. HP: 19/19 MP: 0/0
    59 | D:1      | Found a faded altar of an unknown god.
  1106 | D:1      | Reached XP level 2. HP: 27/27 MP: 1/1
  1212 | D:2      | Identified the +4 dagger "Sevicon" {speed, *Corrode Will-
                  | Int+8 SInv}
  1450 | D:2      | Found a runed translucent door.
  1451 | D:2      | Noticed Crazy Yiuf
  1459 | D:2      | Killed Crazy Yiuf
  1459 | D:2      | HP: 1/27 [poisoned by Crazy Yiuf]
  1460 | D:2      | Reached XP level 3. HP: 2/33 MP: 0/2
  1460 | D:2      | Succumbed to Crazy Yiuf's poison

Illustrated notes

Levels and vault maps discovered:
D:1:      ncdulo_lavacross, layout_loops_cross,
          chequers_ecumenical_altar_simple_redux, hangedman_decor_opposing
D:2:      layout_basic, uniq_crazy_yiuf_cottage

Skill      XL: |  1  2 |
---------------+-------+-----
Fighting       | 4 |  4.0
Armour         | 4 |  4.1
Shields        | 4 |  4.1
Long Blades    | |  2.8
Throwing       | |  0.8
Dodging        | |  0.9

Action                   || total
-------------------------++-------
Melee: Long sword        ||    27
       Headbutt          ||     5
Armor: Scale mail        ||     7
Dodge: Dodged            ||    12
Block: Buckler           ||     5
